 Dungeon Crawl Stone Soup version 0.12.2-22-g286eab9 (webtiles) character file.

227 Gabry the Shield-Bearer (level 5, -4/46 HPs)
             Began as a Minotaur Fighter on Aug 30, 2013.
             Was a Plaything of Xom.
             Succumbed to Sigmund's poison
             ... on Level 3 of the Dungeon.
             The game lasted 00:09:52 (2741 turns).

Gabry the Shield-Bearer (Minotaur Fighter)          Turns: 2741, Time: 00:09:52

HP  -4/46        AC  8     Str 21      XL: 5   Next: 16%
MP   1/1         EV  6     Int  5      God: Xom
Gold 69          SH 19     Dex 10      Spells:  0 memorised,  4 levels left

Res.Fire  : . . .   See Invis. : .   a - +0 hand axe {=f}
Res.Cold  : . . .   Warding    : .   b - +0 scale mail
Life Prot.: . . .   Conserve   : .   c - +0 shield
Res.Poison: .       Res.Corr.  : .   (helmet restricted)
Res.Elec. : .       Clarity    : .   (no cloak)
Sust.Abil.: . .     Spirit.Shd : .   (no gloves)
Res.Mut.  : .       Stasis     : .   q - +0 pair of boots
Res.Rott. : .       Ctrl.Telep.: .   (no amulet)
Saprovore : . . .   Flight     : .   (no ring)
                                     (no ring)

@: extremely poisoned, slightly resistant to hostile enchantments, extremely
unstealthy
A: retaliatory headbutt, horns 2
a: Renounce Religion


You were on level 3 of the Dungeon.
You worshipped Xom.
You were a special plaything of Xom.
You were not hungry.

You visited 1 branch of the dungeon, and saw 3 of its levels.

You collected 49 gold pieces.

Inventory:

Hand weapons
 a - a +0,+0 hand axe (weapon) {=f}
 n - a +0,+0 spear (quivered)
Armour
 b - a +0 scale mail (worn)
 c - a +0 shield (worn)
 q - a +0 pair of boots (worn)
Comestibles
 d - 4 bread rations
 r - a meat ration
Scrolls
 f - a scroll of curse weapon {unknown}
 g - 2 scrolls of teleportation {unknown}
 h - a scroll of fear {unknown}
 i - a scroll of enchant weapon I {unknown}
 j - 2 scrolls of curse armour {unknown}
 k - a scroll of random uselessness {unknown}
 l - 4 scrolls of blinking {unknown}
 o - a scroll of amnesia {unknown}
 v - a scroll of identify {unknown}
Potions
 e - a potion of speed
 m - a potion of heal wounds
 p - a potion of brilliance {unknown}
 s - a potion of restore abilities {unknown}
 u - a potion of curing {unknown}


   Skills:
 + Level 4.4 Fighting
 + Level 3.9 Axes
 + Level 4.3 Armour
 + Level 1.9 Dodging
 + Level 4.6 Shields
 + Level 0.2 Traps


You had 4 spell levels left.
You didn't know any spells.

Dungeon Overview and Level Annotations

Branches:
Dungeon (3/27)

Altars:
Xom

Annotations
D:3 Sigmund


Innate Abilities, Weirdness & Mutations

You reflexively headbutt those who attack you in melee.
You have a pair of horns on your head.


Message History

You feel very sick.
You completely miss the crimson imp.
You feel sick.
The crimson imp hits you with a dagger of chaos.
The crimson imp freezes you. It hits you but does no damage.
You are more poisoned.
You feel sick.
The crimson imp shouts, "Slither hence, thou mewling ruttish guttersnipe!"
You block the crimson imp's attack.
Unknown command.
You feel extremely sick.
You feel a little better. It hits you!
* * * LOW HITPOINT WARNING * * *
You are more poisoned.
* * * LOW HITPOINT WARNING * * *
You feel sick.
* * * LOW HITPOINT WARNING * * *
You feel very sick.
You die...
Xom laughs nastily!

### ###### .. #....# .####..
##### #####....##.......
#...# #>.@.5............
##..# #.###....#.#......#
#.)# #....##<..........+ #..#
#..#.##...........# #..#
#..#..'.....####..# #.(#
#..####.....####$.#.
#.(######..###.............
#..(.<.......#.#.#.####.#.##
##.#####.#.####.#.#.#........


You could see a crimson imp.

Vanquished Creatures
  A crimson imp (D:3)
  Ijyb (D:2)
  Terence (D:3)
  3 adders
  A worm (D:3)
  A giant gecko (D:1)
  4 bats
  9 goblins
  8 hobgoblins
  6 jackals
  5 kobolds
  3 giant cockroaches
  4 giant newts
  3 quokkas
  9 rats
59 creatures vanquished.

Notes
Turn   | Place    | Note
--------------------------------------------------------------
     0 | D:1      | Gabry, the Minotaur Fighter, began the quest for the Orb.
     0 | D:1      | Reached XP level 1. HP: 19/19 MP: 0/0
   206 | D:1      | Reached XP level 2. HP: 26/26 MP: 0/0
   376 | D:1      | Reached skill level 4 in Fighting
  1160 | D:2      | Reached XP level 3. HP: 33/33 MP: 1/1
  1213 | D:2      | Noticed Ijyb
  1225 | D:2      | Killed Ijyb
  1264 | D:2      | Reached XP level 4. HP: 38/40 MP: 1/1
  1850 | D:3      | Found a shimmering altar of Xom.
  1861 | D:3      | Reached skill level 1 in Dodging
  1864 | D:3      | Became a worshipper of Xom the Begetter of Turbulence
  1957 | D:3      | XOM: miscast effect
  1982 | D:3      | XOM: miscast effect
  2058 | D:3      | Reached XP level 5. HP: 32/46 MP: 1/1
  2067 | D:3      | XOM: divination: magic mapping
  2105 | D:3      | Noticed Terence
  2123 | D:3      | Killed Terence
  2179 | D:3      | Noticed Sigmund
  2191 | D:3      | XOM: potion effect (brilliance)
  2196 | D:3      | XOM: potion effect (agility)
  2201 | D:3      | HP: 2/46 [poisoned by Sigmund]
  2205 | D:3      | XOM: miscast effect
  2665 | D:2      | XOM: miscast effect
  2741 | D:3      | Succumbed to Sigmund's poison

Action                   |  1- 3 |  4- 6 || total
-------------------------+-------+-------++-------
Melee: Hand axe          |    72 |   102 ||   174
  Use: Potion            |       |     2 ||     2
